 Dungeon Crawl Stone Soup version 0.18.1-50-g88ac8fd (webtiles) character file.

833 Ilten the Cutter (level 7, -2/54 (55) HPs)
             Began as a Demonspawn Abyssal Knight on Apr 2, 2017.
             Was a Priest of Lugonu.
             Slain by a slave (7 damage)
             ... led by Pikel
             ... on level 5 of the Dungeon.
             The game lasted 00:55:13 (7085 turns).

Ilten the Cutter (Demonspawn Abyssal Knight)        Turns: 7085, Time: 00:55:14

HP:   -2/54 (55)    AC:  9    Str: 13    XL:     7   Next: 66%
MP:   9/9           EV:  9    Int: 19    God:    Lugonu [***...]
Gold: 177           SH:  0    Dex: 13    Spells: 0 memorised, 7 levels left

rFire  . . .     SeeInvis .     G - +3 rapier
rCold  . . .     Gourm    .     c - +0 scale mail
rNeg   . . .     Faith    .     (no shield)
rPois  .         Spirit   .     (no helmet)
rElec  .         Dismiss  .     (no cloak)
rCorr  .         Reflect  .     E - +0 pair of gloves
SustAt .         Harm     .     (no boots)
MR     .....                    (no amulet)
Stlth  +++.......               k - ring of stealth
                                h - +5 ring of intelligence

@: not resistant to hostile enchantments, fairly stealthy
A: rugged brown scales 2, nightstalker 2, powered by death 1
a: Depart the Abyss, Bend Space, Banish, Renounce Religion


You were on level 5 of the Dungeon.
You worshipped Lugonu.
Lugonu was most pleased with you.
You were not hungry.

You visited 2 branches of the dungeon, and saw 6 of its levels.
You visited the Abyss 1 time.

You collected 177 gold pieces.

Inventory:

Hand Weapons
 a - a +1 falchion
 o - a +3 dagger
 s - a +1 dagger of protection
 D - a +1 hand axe of flaming
 G - a +3 rapier (weapon)
Missiles
 f - 141 stones (quivered)
Armour
 b - a +0 leather armour
 c - a +0 scale mail (worn)
 w - a +0 ring mail
 E - a +0 pair of gloves (worn)
Jewellery
 h - a +5 ring of intelligence (left hand)
 k - a ring of stealth (right hand)
Wands
 p - a wand of random effects (22/48)
 r - a wand of paralysis (3/24)
Scrolls
 n - 3 scrolls of noise {unknown}
 u - a scroll of recharging {unknown}
 v - 3 scrolls of identify
 x - a scroll of fear {unknown}
 y - 3 scrolls of remove curse {unknown}
 A - a scroll of blinking {unknown}
 C - a scroll of enchant armour {unknown}
 F - a scroll of teleportation {unknown}
Potions
 d - a potion of flight {unknown}
 e - 2 potions of berserk rage {unknown}
 g - a potion of invisibility {unknown}
 i - a potion of cancellation {unknown}
 j - 2 potions of curing
 m - 2 potions of brilliance {unknown}
 q - a potion of lignification {unknown}
 t - 2 potions of mutation {unknown}
 z - 3 potions of agility {unknown}
 I - a potion of magic {unknown}
 J - a potion of ambrosia {unknown}
 K - a potion of haste {unknown}
Comestibles
 l - 2 fruits
 B - a bread ration


   Skills:
 + Level 3.8 Fighting
 + Level 6.1(6.3) Short Blades
 + Level 2.1(4.4) Long Blades
 - Level 0.1 Throwing
 + Level 2.3 Armour
 + Level 1.8 Dodging
 - Level 0.2 Stealth
 + Level 1.0 Unarmed Combat
 + Level 0.8 Spellcasting
 + Level 2.7 Invocations
 + Level 2.3 Evocations


You had 7 spell levels left.
You didn't know any spells.

Dungeon Overview and Level Annotations

Branches:
Dungeon (5/15)             Temple (1/1) D:5

Altars:
Ashenzari
Dithmenos
Elyvilon
Fedhas
Gozag
Kikubaaqudgha
Nemelex Xobeh
Okawaru
Qazlal
Sif Muna
Trog
Vehumet
Xom
Yredelemnul
The Shining One

Shops:
D:4 *

Annotations:
D:5 corrupted, Pikel


Innate Abilities, Weirdness & Mutations

You are mostly covered in rugged brown scales (AC +2, +5% HP).
You are significantly more attuned to the shadows.
You regenerate a little health from kills.


Message History

The slave hits you.
* * * LOW HITPOINT WARNING * * *
Pikel says, "You'll feel the lick of my whip!"
Why would you want to do that? Space bends around you!
You blink.
* * * LOW HITPOINT WARNING * * *
You feel slightly more hungry.
Pikel says, "You'll feel the lick of my whip!"
The slave closely misses you.
Pikel cracks his whip.
You see here a slimy chain mail.
Pikel says, "I just want to get paid!"
You hit the slave.
The slave is lightly wounded.
The slave hits you.
* * * LOW HITPOINT WARNING * * *
You closely miss the slave.
The slave is lightly wounded.
The slave hits you!
You die...

###...≈≈≈...♣...≈≈≈...♣...≈≈≈....
####....(..♣♣♣.......♣♣♣.......#.
#.........♣♣ ♣♣.....♣♣ ♣♣.....##.
#.......#♣♣ ♣♣.♣♣ ♣♣#####..
#.......# ##.# #.....<.#
######..#
#.......#################).)...##
#.............#o..##.....####.##
.........[...pKp@# #.##.## #.#
...###..$###.##### #.##.# #.#
..#...<..#.#.### #.##.# #.#
.....)#.#..#...#####.##.# #.#
..##.......#............# #.#
...#.).#...#.#.#####.#### #.#
..##.).###.###.# #.# #.#
...#...#...# #.# #.# #.#
....#>#....# #.# #.#


You could see Pikel, 2 slaves and an orc.

Vanquished Creatures
  Grinder (D:5)
  2 slaves (D:5)
  An ogre (D:5)
  A necrophage (D:3)
  The ghost of FabFiz the Magician, an amateur DEWz (D:3)
  An orc priest (D:5)
  Ijyb (D:3)
  An iguana (D:4)
  An orc wizard (D:4)
  A worker ant (D:4)
  Robin (D:3)
  A gnoll (D:4)
  8 adders
  An ooze (D:1)
  An adder skeleton (D:5)
  2 worms (D:3)
  4 dart slugs
  3 orcs
  2 giant cockroaches
  16 hobgoblins
  7 jackals
  2 quokkas
  2 ball pythons
  9 bats
  8 giant newts
  22 goblins
  8 kobolds
  5 rats
113 creatures vanquished.

Vanquished Creatures (others)
  The ghost of TobiasLurch the Firebug, an amateur DrFE (D:4)
  Duvessa (D:5)
  An ice beast (D:5)
  A centaur (D:5)
  Dowan (D:5)
  A crimson imp (D:5)
  An orc wizard (D:5)
  An adder (D:5)
  A worm (D:5)
  A giant gecko (D:5)
  A giant newt (D:5)
11 creatures vanquished.

Grand Total: 124 creatures vanquished

Notes
Turn   | Place    | Note
--------------------------------------------------------------
     0 | Abyss:1  | Ilten the Demonspawn Abyssal Knight began the quest for the Orb.
     0 | Abyss:1  | Reached XP level 1. HP: 18/18 MP: 2/2
    13 | Abyss:1  | Found a corrupted altar of Lugonu.
   214 | Abyss:1  | Noticed an ancient zyme
   227 | D:1      | Escaped the Abyss
   616 | D:1      | Gained mutation: You are partially covered in rugged brown scales (AC +1, +3% HP). [demonic ancestry]
   616 | D:1      | Reached XP level 2. HP: 15/24 MP: 3/3
  1337 | D:1      | Reached skill level 1 in Dodging
  1723 | D:1      | Reached ** piety under Lugonu
  1764 | D:1      | Gained mutation: You regenerate a little health from kills. [demonic ancestry]
  1764 | D:1      | Reached XP level 3. HP: 17/29 MP: 2/4
  2677 | D:2      | Reached skill level 1 in Unarmed Combat
  2853 | D:2      | Gained mutation: You are slightly more attuned to the shadows. [demonic ancestry]
  2853 | D:2      | Reached XP level 4. HP: 37/37 MP: 5/5
  3055 | D:2      | Reached skill level 1 in Short Blades
  3495 | D:3      | Reached *** piety under Lugonu
  3601 | D:3      | Noticed FabFiz's ghost (amateur DEWz)
  3610 | D:3      | Killed FabFiz's ghost
  3610 | D:3      | Reached skill level 2 in Short Blades
  3610 | D:3      | Gained mutation: You are mostly covered in rugged brown scales (AC +2, +5% HP). [demonic ancestry]
  3610 | D:3      | Reached XP level 5. HP: 37/43 MP: 6/6
  3641 | D:3      | Noticed Ijyb
  3648 | D:3      | Killed Ijyb
  3648 | D:3      | Reached skill level 3 in Short Blades
  3661 | D:3      | Noticed Robin
  3683 | D:3      | Killed Robin
  3683 | D:3      | Reached skill level 1 in Evocations
  3924 | D:3      | Noticed a necrophage
  3960 | D:3      | Killed a necrophage
  3960 | D:3      | Reached skill level 4 in Short Blades
  3960 | D:3      | Reached XP level 6. HP: 47/48 MP: 2/7
  4174 | D:3      | Reached **** piety under Lugonu
  4595 | D:4      | Noticed TobiasLurch's ghost (amateur DrFE)
  4610 | D:4      | Banished TobiasLurch's ghost
  4631 | D:4      | Found a bloodstained altar of Trog.
  4847 | D:4      | Found a glowing golden altar of the Shining One.
  5123 | D:4      | Found Basit's General Store.
  5295 | D:4      | Reached skill level 5 in Short Blades
  5395 | D:4      | Found an iron altar of Okawaru.
  5629 | D:5      | Entered Level 5 of the Dungeon
  5629 | D:5      | Found a staircase to the Ecumenical Temple.
  5651 | Temple   | Entered the Ecumenical Temple
  6159 | D:5      | Noticed Dowan
  6161 | D:5      | Noticed Duvessa
  6161 | D:5      | Noticed an ice beast
  6165 | D:5      | Corrupted D:5
  6165 | D:5      | Noticed a golden eye
  6165 | D:5      | Noticed an efreet
  6165 | D:5      | Noticed a raiju
  6165 | D:5      | Noticed a raiju
  6165 | D:5      | Noticed a neqoxec
  6168 | D:5      | Noticed a thrashing horror
  6168 | D:5      | Noticed a thrashing horror
  6168 | D:5      | Gained mutation: You are significantly more attuned to the shadows. [demonic ancestry]
  6168 | D:5      | Reached XP level 7. HP: 33/53 MP: 0/8
  6169 | D:5      | Noticed a yellow draconian shifter
  6170 | D:5      | Noticed a silent spectre
  6170 | D:5      | Noticed a raiju
  6170 | D:5      | Killed Dowan
  6171 | D:5      | Killed Duvessa
  6172 | D:5      | Noticed a cacodemon
  6174 | D:5      | Noticed a hellwing
  6181 | D:5      | Noticed a thrashing horror
  6195 | D:5      | Noticed a large abomination
  6324 | D:5      | Found a white marble altar of Elyvilon.
  6454 | D:5      | Noticed Pikel
  6741 | D:5      | Noticed Grinder
  6751 | D:5      | Killed Grinder
  6751 | D:5      | Reached skill level 6 in Short Blades
  7085 | D:5      | Slain by a slave

Skill      XL: |  1  2  3  4  5  6  7 |
---------------+----------------------+-----
Armour         | 2 |  2.3
Dodging        | 1 |  1.8
Long Blades    | 2 |  2.1
Unarmed Combat | 1 |  1.0
Short Blades   | 2 4 5 6 |  6.1
Evocations     | 1 2 |  2.3
Fighting       | |  3.8
Throwing       | |  0.1
Stealth        | |  0.2
Spellcasting   | |  0.8
Invocations    | |  2.7

Action                   |  1- 3 |  4- 6 |  7- 9 || total
-------------------------+-------+-------+-------++-------
Melee: Falchion          |   158 |       |       ||   158
       Dagger            |    12 |   380 |    15 ||   407
       Punch             |       |     2 |     2 ||     4
       Rapier            |       |       |    56 ||    56
Throw: Stone             |    18 |    30 |     4 ||    52
Invok: Bend Space        |     2 |     2 |     1 ||     5
       Banish            |       |     2 |       ||     2
       Corrupt           |       |     1 |       ||     1
Evoke: Wand              |       |     5 |     2 ||     7
  Use: Scroll            |       |     3 |       ||     3
 Stab: Paralysed         |       |     7 |     7 ||    14
  Eat: Bread ration      |     2 |       |       ||     2
       Chunk             |     1 |     1 |     1 ||     3
       Meat ration       |       |     1 |       ||     1
       Royal jelly       |       |     1 |       ||     1
       Fruit             |       |       |     3 ||     3
Armor: Leather armour    |    80 |       |       ||    80
       Scale mail        |     3 |   197 |    14 ||   214
Dodge: Dodged            |   128 |   178 |    32 ||   338
